 Dungeon Crawl Stone Soup version 0.23.2-1-ga50397a (webtiles) character file.

Game seed: 3215318520367082441

18598 schauveau the Bludgeoner (level 12, -7/74 HPs)
             Began as a Gargoyle Fighter on May 2, 2019.
             Was the Champion of Okawaru.
             Mangled by a large abomination (12 damage)
             ... while paralysed by accursed screaming
             ... on level 1 of the Abyss.
             The game lasted 00:26:01 (13260 turns).

schauveau the Bludgeoner (Gargoyle Fighter)        Turns: 13260, Time: 00:26:01

Health: -7/74      AC: 26    Str: 25    XL:     12   Next: 60%
Magic:  12/12      EV:  2    Int:  9    God:    Okawaru [******]
Gold:   935        SH:  0    Dex:  9    Spells: 11/11 levels left

rFire    + . .     SeeInvis .   a - +7 eveningstar (flame)
rCold    + . .     Gourm    .   c - +0 shield
rNeg     + . .     Faith    .   q - +3 chain mail {rC+}
rPois    ∞         Spirit   .   (no helmet)
rElec    +         Reflect  .   V - +1 cloak {MR+}
rCorr    .         Harm     .   K - +0 pair of gloves
MR       ++...                  (no boots)
Stlth    ..........             (no amulet)
HPRegen  0.22/turn              h - ring of protection from magic
MPRegen  0.13/turn              F - ring of protection from fire

@: paralysed, about to teleport, lightly drained
A: negative energy resistance 1, electricity resistance, unbreathing,
petrification resistance, rot immunity, AC +8
a: Heroism, Finesse, Renounce Religion


You were on level 1 of the Abyss.
You worshipped Okawaru.
Okawaru was exalted by your worship.
You were not hungry.

You visited 3 branches of the dungeon, and saw 14 of its levels.
You visited the Abyss 1 time.
You also visited: Ossuary and Gauntlet.

You collected 935 gold pieces.

Inventory:

Hand Weapons
 a - a +7 eveningstar of flaming (weapon)
 b - the +8 flail of Dithmenos's Esteem {venom, rF+ Int+2, unknown}
   (You found it in a Gauntlet)

   It poisons the flesh of those it strikes.
   It affects your intelligence (+2).
   It protects you from fire.
 l - a +5 flail of flaming
 p - a +0 blowgun
 s - a +2 spear of venom
 D - a +2 hunting sling of flaming
 S - a +3 flail of freezing
Missiles
 A - 6 poisoned needles
 U - 18 poisoned javelins (quivered)
Armour
 c - a +0 shield (worn)
 q - a +3 chain mail of cold resistance (worn)
 H - a +0 ring mail of cold resistance
 K - a +0 pair of gloves (worn)
 V - a +1 cloak of magic resistance (worn)
Jewellery
 h - a ring of protection from magic (left hand)
 j - an uncursed amulet of harm
 C - an uncursed ring of stealth
 F - a ring of protection from fire (right hand)
 G - an uncursed amulet of magic regeneration
 O - an uncursed amulet of guardian spirit {unknown}
Wands
 m - a wand of scattershot (4)
 r - a wand of iceblast (15)
 I - a wand of polymorph (16)
 J - a wand of paralysis (8)
 N - a wand of acid (10)
 T - a wand of disintegration (16)
Scrolls
 i - 8 scrolls of remove curse
 k - 5 scrolls of teleportation
 o - 2 scrolls of amnesia
 t - a scroll of magic mapping
 w - a scroll of fear
 y - 2 scrolls of immolation
 M - a scroll of brand weapon
 R - a scroll of enchant armour
Potions
 d - a potion of might
 e - 6 potions of degeneration
 g - 8 potions of flight
 u - 6 potions of lignification
 v - a potion of mutation {unknown}
 x - a potion of brilliance
 z - 4 potions of haste
 B - 3 potions of heal wounds
 E - 4 potions of curing
 P - a potion of cancellation {unknown}
 Q - a potion of magic {unknown}
Comestibles
 f - 25 rations


   Skills:
 - Level 8.2(7.8) Fighting
 * Level 15.9(15.5) Maces & Flails
 - Level 8.1(7.8) Armour
 - Level 8.2(7.9) Shields


You had 11 spell levels left.
You didn't know any spells.
Your spell library contained the following spells:

 Spells                   Type           Power        Failure   Level  Hunger
 Beastly Appendage        Tmut           #.....       99%         1    ##.....
 Confusing Touch          Hex            #.....       99%         1    ##.....
 Corona                   Hex            #......      99%         1    ##.....
 Shock                    Conj/Air       #...         99%         1    ##.....
 Call Imp                 Summ           #.......     100%        2    ###....
 Ensorcelled Hibernation  Hex/Ice        #.....       100%        2    ###....
 Sticks to Snakes         Tmut           #.......     100%        2    ###....
 Swiftness                Chrm/Air       #.......     100%        2    ###....
 Call Canine Familiar     Summ           #.......     100%        3    ####...
 Confuse                  Hex            #.......     100%        3    ####...
 Dazzling Spray           Conj/Hex       #.....       100%        3    ####...
 Gell's Gravitas          Tloc           #.........   100%        3    ####...
 Recall                   Summ/Tloc      N/A          100%        3    ####...
 Spider Form              Tmut/Pois      #.........   100%        3    ####...
 Static Discharge         Conj/Air       #.......     100%        3    ####...
 Tukima's Dance           Hex            #.......     100%        3    ####...
 Airstrike                Air            #.........   100%        4    #####..
 Ice Form                 Ice/Tmut       #.......     100%        4    #####..
 Petrify                  Tmut/Erth      #.......     100%        4    #####..
 Blade Hands              Tmut           #.........   100%        5    ######.
 Lightning Bolt           Conj/Air       #.........   100%        5    ######.
 Metabolic Englaciation   Hex/Ice        #.........   100%        5    ######.
 Yara's Violent Unravell  Hex/Tmut       #.........   100%        5    ######.


Dungeon Overview and Level Annotations

Branches:
Dungeon (12/15)            Temple (1/1) D:4            Lair (1/6) D:10
    Orc (0/2) D:12

Altars:
Ashenzari
Cheibriados
Dithmenos
Elyvilon
Fedhas
Hepliaklqana
Kikubaaqudgha
Makhleb
Nemelex Xobeh
Okawaru
Qazlal
Sif Muna
Trog
Uskayaw
Vehumet
Wu Jian
Xom
Yredelemnul
Zin
The Shining One

Shops:
D:8 }

Portals:
Trove: D:11 (give 5 potions of resistance)

Annotations:
D:4 1 runed translucent door, Curus's ghost, novice GrFi
D:5 1 runed translucent door, GuyDeFluk's ghost, amateur SpEn
Lair:1 Sonja


Innate Abilities, Weirdness & Mutations

You are resistant to torment.
Your stone body is resilient. (AC +8)
You are immune to poison.
You resist negative energy. (rN+)
You are resistant to electric shocks. (rElec)
You can survive without breathing.
You are immune to petrification.
You are immune to rotting.


Message History

The starcursed mass engulfs you.
The starcursed mass engulfs you but does no damage.
You can move again.
The large abomination closely misses you.
As you read the scroll of teleportation, it crumbles to dust.
You feel strangely unstable.
You feel the power of the Abyss delaying your translocation!
The starcursed mass engulfs you but does no damage.
The large abomination hits you!!
* * * LOW HITPOINT WARNING * * *
You feel much better.
The starcursed mass completely misses you.
The large abomination closely misses you.
A cacophony of accursed wailing tears at your sanity!
* * * LOW HITPOINT WARNING * * *
You suddenly lose the ability to move!
The large abomination hits you!
* * * LOW HITPOINT WARNING * * *
The large abomination hits you!
You die...

# # #X # .## #..
#. ##..# ##..##.
..... .......##
....#. #..XXX#
#.....#
#..XXX##5.....# .
#..XXXX@....... #
#
#..###X#X..#...#
#.. ##..##.###
.#. .
#.......###.#.##.
#....#.#.#..#
...# ####
#.##.#.###.###
..###.. . ....##
.|#. #.# . .. ..
#. #.. ..##....


You could see 10 starcursed masses, a large abomination and an iron imp.

Vanquished Creatures
  A minotaur (Gauntlet)
  Harold (D:8)
  2 hydras
  2 two-headed ogres (D:9)
  3 death yaks (D:10)
  A lindwurm (shapeshifter) (Gauntlet)
  A cyclops (D:12)
  An orc sorcerer (D:12)
  3 ugly things
  A torpor snail (Gauntlet)
  A smoke demon (Abyss:1)
  A spiny frog (Lair:1)
  3 hippogriffs
  3 raiju
  Sigmund (D:2)
  A starcursed mass (Abyss:1)
  3 yaks (Gauntlet)
  Eustachio (D:6)
  3 wyverns (D:12)
  A human (D:7)
  4 hogs (D:7)
  Grum (D:8)
  A water moccasin (D:10)
  3 black bears
  2 ice beasts
  A sky beast (shapeshifter) (Gauntlet)
  4 phantoms
  2 orc warriors
  A hornet zombie (D:9)
  4 ogres
  3 sky beasts
  A centaur (D:5)
  4 wolves (D:8)
  2 crocodiles
  5 bullfrogs
  A scorpion (D:9)
  3 killer bees (D:10)
  2 troll zombies (D:12)
  19 wights
  3 howler monkeys
  3 crimson imps
  A bullfrog zombie (D:10)
  A centaur zombie (D:9)
  A quasit (D:11)
  A jelly (D:6)
  6 hounds
  A bullfrog skeleton (D:12)
  3 centaur skeletons
  An orc priest (D:12)
  A gnoll shaman (D:6)
  Jessica (D:2)
  5 iguanas
  6 orc wizards
  10 worker ants
  3 hell rats (D:10)
  2 lightning spires (Gauntlet)
  2 killer bee zombies
  5 ogre zombies (D:12)
  2 hound zombies
  13 mummies (Ossuary)
  3 gnolls (D:6)
  A howler monkey skeleton (D:10)
  9 adders
  A river rat (D:10)
  4 shadow imps
  2 oozes
  An adder zombie (D:8)
  An adder skeleton (D:6)
  4 worms
  6 dart slugs
  6 leopard geckos
  37 orcs
  2 ball pythons
  4 bats
  7 giant cockroaches
  7 goblins
  8 hobgoblins
  12 jackals
  9 quokkas
  5 frilled lizards
  2 gnoll skeletons (Ossuary)
  A goblin skeleton (Ossuary)
  7 goblin zombies (D:12)
  2 hobgoblin zombies (D:12)
  3 kobolds
  3 kobold skeletons (Ossuary)
  A leopard gecko skeleton (D:4)
  A leopard gecko zombie (D:5)
  3 orc skeletons
  10 orc zombies (D:12)
  7 rats
  11 rat skeletons (Ossuary)
348 creatures vanquished.

Vanquished Creatures (others)
  14 demonic plants (Gauntlet)
14 creatures vanquished.

Grand Total: 362 creatures vanquished

Notes
Turn   | Place    | Note
-------+----------+-------------------------------------------
     0 | D:1      | schauveau the Gargoyle Fighter began the quest for the Orb.
     0 | D:1      | Reached XP level 1. HP: 14/14 MP: 1/1
   191 | D:1      | Reached XP level 2. HP: 19/19 MP: 2/2
   293 | D:2      | Reached XP level 3. HP: 23/23 MP: 3/3
   659 | D:2      | Found an ancient bone altar of Kikubaaqudgha.
   668 | D:2      | Noticed Jessica
   679 | D:2      | Killed Jessica
   679 | D:2      | Reached skill level 3 in Maces & Flails
   679 | D:2      | Reached XP level 4. HP: 29/29 MP: 4/4
   878 | D:4      | Found a staircase to the Ecumenical Temple.
   949 | D:4      | Reached XP level 5. HP: 21/33 MP: 5/5
  1034 | D:4      | Found a sand-covered staircase.
  1098 | Ossuary  | Entered an ossuary
  1711 | Ossuary  | Reached skill level 4 in Maces & Flails
  2318 | Ossuary  | Reached XP level 6. HP: 37/38 MP: 6/6
  3019 | D:5      | Entered Level 5 of the Dungeon
  3548 | D:5      | Reached XP level 7. HP: 44/44 MP: 7/7
  3639 | D:5      | Found a runed translucent door.
  3639 | D:5      | Noticed GuyDeFluk's ghost (amateur SpEn)
  3747 | Temple   | Entered the Ecumenical Temple
  3765 | Temple   | Became a worshipper of Warmaster Okawaru
  3871 | D:3      | Reached skill level 5 in Maces & Flails
  4318 | D:2      | You fall through a shaft!
  4318 | D:3      | Found a blossoming altar of Fedhas.
  4463 | D:3      | You fall through a shaft for 3 floors!
  4604 | D:3      | Reached skill level 5 in Fighting
  4624 | D:2      | Noticed Sigmund
  4637 | D:2      | Killed Sigmund
  4637 | D:2      | Reached skill level 5 in Armour
  4637 | D:2      | Reached skill level 5 in Shields
  5531 | D:4      | Reached XP level 8. HP: 42/49 MP: 8/8
  5607 | D:4      | Found a runed translucent door.
  5624 | D:4      | Found a white marble altar of Elyvilon.
  5672 | D:4      | You fall through a shaft!
  5871 | D:4      | Noticed Curus's ghost (novice GrFi)
  6130 | D:6      | Noticed Eustachio
  6142 | D:6      | Reached skill level 6 in Maces & Flails
  6371 | D:6      | Killed Eustachio
  6663 | D:6      | Found a hazy altar of Hepliaklqana.
  6904 | D:6      | Reached * piety under Okawaru
  7009 | D:6      | Reached skill level 7 in Maces & Flails
  7152 | D:6      | Found a deep blue altar of Sif Muna.
  7232 | D:6      | Found a radiant altar of Vehumet.
  7728 | D:7      | You fall through a shaft!
  7728 | D:8      | Found an ornate altar of the Wu Jian Council.
  7728 | D:8      | Noticed Harold
  7809 | D:7      | Reached XP level 9. HP: 56/56 MP: 9/9
  8072 | D:7      | Reached ** piety under Okawaru
  8072 | D:7      | Reached skill level 8 in Maces & Flails
  8470 | D:8      | Noticed Grum
  8475 | D:8      | Reached *** piety under Okawaru
  8485 | D:8      | Killed Grum
  8485 | D:8      | Reached XP level 10. HP: 43/63 MP: 10/10
  8489 | D:8      | Reached skill level 9 in Maces & Flails
  8914 | D:8      | Killed Harold
  8958 | D:8      | Found Goas's Gadget Shoppe.
  9015 | D:8      | Identified a scroll of acquirement
  9050 | D:8      | Found a sparkling altar of Nemelex Xobeh.
  9080 | D:8      | Reached **** piety under Okawaru
  9349 | D:9      | Reached skill level 10 in Maces & Flails
  9652 | D:9      | Noticed a two-headed ogre
  9665 | D:9      | Killed a two-headed ogre
  9665 | D:9      | Reached skill level 11 in Maces & Flails
  9666 | D:9      | Noticed a two-headed ogre
  9675 | D:9      | Killed a two-headed ogre
  9675 | D:9      | Reached ***** piety under Okawaru
  9675 | D:9      | Reached XP level 11. HP: 53/68 MP: 11/11
 10014 | D:9      | Found a shimmering altar of Xom.
 10049 | D:9      | Found a shattered altar of Ashenzari.
 10162 | D:10     | Entered Level 10 of the Dungeon
 10262 | D:10     | You fall through a shaft for 2 floors!
 10300 | D:12     | Reached skill level 12 in Maces & Flails
 10355 | D:12     | Noticed a red ugly thing
 10364 | D:12     | Killed a red ugly thing
 10407 | D:12     | Noticed a cyclops
 10418 | D:12     | Killed a cyclops
 10418 | D:12     | Received a gift from Okawaru
 10594 | D:12     | Noticed an orc sorcerer
 10595 | D:12     | Found a staircase to the Orcish Mines.
 10625 | D:12     | Killed an orc sorcerer
 10625 | D:12     | Reached skill level 13 in Maces & Flails
 10900 | D:11     | Found a portal to a secret trove of treasure.
 10975 | D:11     | Noticed a cyan ugly thing
 10982 | D:11     | Noticed a brown ugly thing
 10985 | D:11     | Killed a cyan ugly thing
 10999 | D:11     | Killed a brown ugly thing
 11264 | D:10     | Noticed a five-headed hydra
 11470 | D:10     | Killed a five-headed hydra
 11470 | D:10     | Reached skill level 14 in Maces & Flails
 11724 | D:10     | Noticed a death yak
 11740 | D:10     | Killed a death yak
 11820 | D:10     | Reached XP level 12. HP: 74/74 MP: 12/12
 12024 | D:10     | Noticed a death yak
 12026 | D:10     | Noticed a death yak
 12027 | D:10     | Found a staircase to the Lair.
 12037 | D:10     | Killed a death yak
 12045 | D:10     | Killed a death yak
 12290 | Lair:1   | Entered Level 1 of the Lair of Beasts
 12290 | Lair:1   | Noticed a six-headed hydra
 12296 | Lair:1   | Killed a six-headed hydra
 12296 | Lair:1   | Reached skill level 15 in Maces & Flails
 12301 | Lair:1   | Reached ****** piety under Okawaru
 12332 | Lair:1   | Found a gate leading to a gauntlet.
 12365 | Gauntlet | Entered a Gauntlet
 12365 | Gauntlet | Found a transporter.
 12365 | Gauntlet | Found a transporter.
 12368 | Gauntlet | Found a transporter.
 12369 | Gauntlet | Found a transporter.
 12369 | Gauntlet | Found a transporter.
 12369 | Gauntlet | Found a transporter.
 12384 | Gauntlet | Found a transporter.
 12388 | Gauntlet | Found a transporter.
 12399 | Gauntlet | Noticed a shock serpent
 12399 | Gauntlet | a shock serpent changed into a snapping turtle
 12399 | Gauntlet | Noticed an entropy weaver
 12400 | Gauntlet | Found a transporter.
 12400 | Gauntlet | Found a transporter.
 12404 | Gauntlet | Found a transporter.
 12410 | Gauntlet | Found a transporter.
 12416 | Gauntlet | Noticed a shock serpent
 12416 | Gauntlet | a faun changed into a shock serpent
 12418 | Gauntlet | a shock serpent changed into a swamp dragon
 12431 | Gauntlet | Noticed a shock serpent
 12431 | Gauntlet | a cyclops changed into a shock serpent
 12434 | Gauntlet | a shock serpent changed into a redback
 12760 | Gauntlet | Got a pair of heavily runed boots
 12769 | Gauntlet | Identified the cursed -4 pair of boots "Xeaffich" {*Drain
                  | rElec Str-2 Int+7} (You found it in a Gauntlet)
 12770 | Gauntlet | Noticed a five-headed hydra
 12787 | Gauntlet | Noticed an ettin
 12790 | Gauntlet | an ettin changed into a slime creature
 12794 | Gauntlet | Noticed an anaconda
 12799 | Gauntlet | an anaconda changed into a shining eye
 12829 | Gauntlet | Noticed a shock serpent
 12829 | Gauntlet | a redback changed into a shock serpent
 12833 | Gauntlet | a shock serpent changed into a water nymph
 12846 | Gauntlet | Noticed a shock serpent
 12846 | Gauntlet | a sea snake changed into a shock serpent
 12849 | Gauntlet | Identified the +11 rapier of Ozaobobicle {pain, rPois MR+
                  | Int+2}
 12849 | Gauntlet | Noticed a minotaur
 12855 | Gauntlet | a shock serpent changed into a shining eye
 12867 | Gauntlet | Killed a minotaur
 13028 | Gauntlet | Identified the Compendium of the Five Places
 13036 | Gauntlet | Got a polished flail
 13036 | Gauntlet | Got an ancient ring mail
 13050 | Gauntlet | Identified the cursed +0 ring mail "Ceth" {+Blink rPois
                  | Str+2 Dex-3} (You found it in a Gauntlet)
 13134 | Lair:1   | Noticed Sonja
 13143 | Lair:1   | Cast into level 1 of the Abyss (Sonja)
 13247 | Abyss:1  | Noticed a starcursed mass
 13247 | Abyss:1  | Noticed a starcursed mass
 13254 | Abyss:1  | Paralysed by accursed screaming for 2 turns
 13259 | Abyss:1  | Paralysed by accursed screaming for 2 turns
 13260 | Abyss:1  | Mangled by a large abomination

Skill      XL: |  1  2  3  4  5  6  7  8  9 10 11 12 |
---------------+-------------------------------------+-----
Maces & Flails | 3 4 5 7 8 11 14 15 | 15.9
Fighting       | 4 5 6 7 8 |  8.2
Armour         | 4 5 6 7 8 |  8.1
Shields        | 4 5 6 7 8 |  8.2

Action                   |  1- 3 |  4- 6 |  7- 9 | 10-12 || total
-------------------------+-------+-------+-------+-------++-------
Melee: Flail             |    99 |   233 |   528 |    69 ||   929
       Eveningstar       |       |       |       |   416 ||   416
Throw: Stone             |       |       |     2 |       ||     2
       Tomahawk          |       |       |       |     3 ||     3
Invok: Heroism           |       |       |       |     1 ||     1
  Use: Scroll            |       |     5 |     8 |    15 ||    28
       Potion            |       |       |       |     6 ||     6
  Eat: Ration            |       |     2 |     2 |     4 ||     8
       Chunk             |       |     2 |    10 |     2 ||    14
Armor: Scale mail        |    59 |    79 |    86 |       ||   224
       Chain mail        |       |       |   188 |   158 ||   346
       Plate armour      |       |       |    24 |   147 ||   171
Dodge: Dodged            |    43 |    57 |   118 |    98 ||   316
Block: Shield            |    69 |    89 |   253 |   265 ||   676
